General information
- name: BNet
- type: Ladder team game (AT/RT)
- host: Battle.net
- saver: PIZZAFAN1739
map: SilverpineForest
- players: 6
- length: 23:49
- speed: Fast
- version: 1.26 W3XP
- replay type:

» download(188 KB)
Players
team 1 (winner)
Birdeneering (
green | 138 APM | 3297 actions | 23:49)
4 Mountain King
2 Storm Bolt
2 Bash
4 Paladin
2 Holy Light
2 Divine Shield
2 Blood Mage
1 Banish
1 Flame Strike
» actions
| Assign group hotkey | 454 | |
| Basic commands | 44 | |
| Build / train | 139 | |
| Enter build submenu | 86 | |
| Enter hero's abilities submenu | 11 | |
| Give item / drop item | 10 | |
| Right click | 1401 | |
| Select / deselect | 354 | |
| Select group hotkey | 590 | |
| Use ability | 208 | |
3297 total
» units
» upgrades
| Masonry | 3 | |
| Lumber Harvesting | 2 | |
| Magic Sentry | 1 | |
6 total
» buildings
| Altar of Kings | 1 | |
| Farm | 4 | |
| Lumber Mill | 1 | |
| Scout Tower | 82 | |
| Arcane Tower | 12 | |
| Guard Tower | 58 | |
| Arcane Vault | 4 | |
| Keep | 1 | |
| Castle | 1 | |
| Town Hall | 1 | |
| Arcane Sanctum | 1 | |
166 total
» build order
00:07 Altar of Kings
00:18 Farm
00:38 Lumber Mill
01:06 Scout Tower
01:11 Farm
01:24 Scout Tower
01:37 Arcane Tower
01:58 Guard Tower
02:00 Scout Tower
02:26 Arcane Vault
02:31 Guard Tower
02:31 Guard Tower
02:31 Guard Tower
02:34 Scout Tower
03:01 Guard Tower
03:25 Scout Tower
03:26 Scout Tower
03:39 Scout Tower
03:40 Scout Tower
03:54 Guard Tower
03:54 Guard Tower
04:15 Keep
04:18 Scout Tower
04:44 Guard Tower
04:46 Scout Tower
04:47 Scout Tower
04:48 Scout Tower
05:31 Scout Tower
05:32 Scout Tower
05:43 Scout Tower
05:46 Guard Tower
06:04 Farm
06:14 Guard Tower
06:16 Scout Tower
06:38 Scout Tower
06:39 Guard Tower
07:10 Castle
07:20 Town Hall
07:31 Scout Tower
07:31 Scout Tower
07:33 Scout Tower
07:34 Scout Tower
07:45 Scout Tower
07:45 Scout Tower
07:47 Scout Tower
07:48 Scout Tower
08:20 Farm
08:33 Guard Tower
08:34 Guard Tower
08:36 Guard Tower
08:36 Guard Tower
08:47 Guard Tower
08:47 Guard Tower
08:51 Guard Tower
08:51 Guard Tower
08:53 Scout Tower
08:54 Scout Tower
09:18 Guard Tower
09:18 Guard Tower
09:40 Guard Tower
09:42 Scout Tower
09:43 Scout Tower
09:58 Guard Tower
10:01 Guard Tower
10:01 Guard Tower
10:38 Guard Tower
10:39 Scout Tower
10:40 Scout Tower
10:44 Arcane Vault
10:47 Scout Tower
10:47 Scout Tower
11:02 Arcane Sanctum
11:33 Guard Tower
11:36 Scout Tower
11:36 Scout Tower
11:52 Guard Tower
11:53 Scout Tower
11:54 Scout Tower
11:58 Scout Tower
11:59 Scout Tower
12:16 Guard Tower
12:23 Scout Tower
12:23 Scout Tower
12:25 Scout Tower
12:25 Scout Tower
12:35 Guard Tower
12:42 Scout Tower
12:42 Scout Tower
12:59 Guard Tower
13:04 Scout Tower
13:05 Scout Tower
13:05 Scout Tower
13:06 Scout Tower
13:11 Scout Tower
13:12 Scout Tower
13:12 Scout Tower
13:13 Scout Tower
13:14 Scout Tower
13:15 Scout Tower
13:19 Scout Tower
13:19 Scout Tower
13:20 Scout Tower
13:20 Scout Tower
13:22 Scout Tower
13:23 Scout Tower
13:24 Scout Tower
13:24 Scout Tower
13:25 Scout Tower
13:26 Scout Tower
13:48 Scout Tower
13:49 Scout Tower
13:50 Scout Tower
14:21 Guard Tower
14:21 Guard Tower
14:31 Arcane Tower
14:35 Arcane Tower
14:35 Arcane Tower
14:36 Arcane Tower
14:36 Arcane Tower
14:40 Arcane Tower
14:40 Arcane Tower
14:54 Guard Tower
14:56 Arcane Tower
14:57 Arcane Tower
15:07 Guard Tower
15:08 Guard Tower
15:35 Guard Tower
15:38 Guard Tower
15:39 Guard Tower
15:51 Guard Tower
16:16 Guard Tower
16:17 Scout Tower
16:18 Scout Tower
17:45 Guard Tower
17:47 Scout Tower
17:47 Scout Tower
18:36 Guard Tower
18:39 Arcane Vault
18:46 Arcane Vault
18:48 Scout Tower
18:48 Scout Tower
20:18 Scout Tower
20:39 Guard Tower
20:41 Scout Tower
20:42 Scout Tower
21:04 Guard Tower
21:46 Guard Tower
21:48 Scout Tower
21:49 Scout Tower
21:53 Scout Tower
22:34 Guard Tower
22:38 Scout Tower
22:39 Scout Tower
» items
| Boots of Speed | 3 | |
| Staff of Teleportation | 3 | |
| Scroll of Regeneration | 4 | |
| Staff of Sanctuary | 2 | |
| Lesser Clarity Potion | 2 | |
| Orb of Lightning | 4 | |
| Potion of Healing | 1 | |
19 total
PIZZAFAN1739 (
pink | 115 APM | 2741 actions | 23:49)
5 Blademaster
2 Wind Walk
3 Critical Strike
» actions
| Assign group hotkey | 12 | |
| Build / train | 75 | |
| Enter build submenu | 53 | |
| Enter hero's abilities submenu | 5 | |
| Give item / drop item | 7 | |
| Right click | 1909 | |
| Select / deselect | 317 | |
| Select group hotkey | 218 | |
| Use ability | 145 | |
2741 total
» units
» upgrades
| Ranged Weapons | 2 | |
| Reinforced Defenses | 1 | |
| Liquid Fire | 1 | |
4 total
» buildings
| Altar of Storms | 1 | |
| Voodoo Lounge | 6 | |
| Orc Burrow | 4 | |
| War Mill | 2 | |
| Watch Tower | 31 | |
| Stronghold | 1 | |
| Beastiary | 2 | |
| Fortress | 1 | |
48 total
» build order
00:09 Altar of Storms
00:16 Voodoo Lounge
00:19 Orc Burrow
00:39 War Mill
01:09 Voodoo Lounge
01:59 Watch Tower
02:03 Watch Tower
02:44 Orc Burrow
03:12 Watch Tower
03:13 Watch Tower
03:57 Watch Tower
04:19 Watch Tower
04:44 Stronghold
05:17 Watch Tower
05:21 Orc Burrow
05:38 Watch Tower
06:27 Watch Tower
07:08 Beastiary
07:11 Beastiary
07:26 Orc Burrow
08:16 Watch Tower
08:18 Watch Tower
08:19 Fortress
08:34 Watch Tower
08:35 Watch Tower
09:35 Watch Tower
09:36 Watch Tower
10:27 Watch Tower
11:00 Watch Tower
11:03 Watch Tower
13:03 Watch Tower
13:04 Watch Tower
13:05 Watch Tower
13:58 Watch Tower
14:40 Watch Tower
14:42 Watch Tower
15:50 Watch Tower
16:39 Watch Tower
16:43 Watch Tower
16:59 War Mill
17:27 Watch Tower
19:16 Voodoo Lounge
19:18 Voodoo Lounge
20:41 Voodoo Lounge
21:03 Watch Tower
21:04 Watch Tower
21:04 Watch Tower
22:27 Voodoo Lounge
» items
| Healing Salve | 3 | |
| Lesser Clarity Potion | 5 | |
| Boots of Speed | 1 | |
| Staff of Teleportation | 1 | |
| Orb of Lightning | 1 | |
| Amulet of Spell Shield | 1 | |
12 total
timg4strok (
purple | 109 APM | 2606 actions | 23:49)
4 Paladin
2 Holy Light
2 Divine Shield
2 Mountain King
1 Storm Bolt
1 Bash
2 Blood Mage
1 Banish
1 Flame Strike
» actions
| Assign group hotkey | 9 | |
| Basic commands | 7 | |
| Build / train | 125 | |
| ESC pressed | 2 | |
| Enter build submenu | 78 | |
| Enter hero's abilities submenu | 9 | |
| Give item / drop item | 11 | |
| Right click | 1046 | |
| Select / deselect | 253 | |
| Select group hotkey | 771 | |
| Use ability | 295 | |
2606 total
» units
| Peasant | 20 | |
| Dragonhawk Rider | 4 | |
24 total
» upgrades
| Masonry | 3 | |
| Lumber Harvesting | 2 | |
| Magic Sentry | 1 | |
| Armor | 1 | |
| Swords | 1 | |
| Animal War Training | 1 | |
9 total
» buildings
| Lumber Mill | 1 | |
| Altar of Kings | 1 | |
| Farm | 10 | |
| Scout Tower | 64 | |
| Guard Tower | 45 | |
| Arcane Tower | 6 | |
| Keep | 3 | |
| Arcane Sanctum | 1 | |
| Town Hall | 1 | |
| Castle | 1 | |
| Gryphon Aviary | 1 | |
| Arcane Vault | 3 | |
| Blacksmith | 1 | |
| Barracks | 1 | |
139 total
» build order
00:10 Lumber Mill
00:12 Altar of Kings
00:13 Farm
00:21 Farm
01:30 Scout Tower
01:34 Scout Tower
01:42 Farm
01:57 Guard Tower
02:22 Arcane Tower
02:42 Scout Tower
02:46 Scout Tower
02:57 Scout Tower
03:17 Guard Tower
03:21 Scout Tower
03:24 Guard Tower
03:24 Guard Tower
03:24 Guard Tower
03:35 Scout Tower
04:05 Keep
04:05 Keep
04:05 Keep
04:12 Guard Tower
04:16 Arcane Tower
04:33 Scout Tower
04:37 Scout Tower
04:42 Scout Tower
05:29 Guard Tower
05:36 Guard Tower
05:42 Guard Tower
06:26 Scout Tower
06:31 Scout Tower
06:32 Scout Tower
06:35 Scout Tower
06:50 Scout Tower
06:52 Scout Tower
06:53 Guard Tower
06:55 Scout Tower
06:55 Scout Tower
07:00 Scout Tower
07:00 Scout Tower
07:01 Scout Tower
07:01 Scout Tower
07:09 Arcane Sanctum
07:18 Guard Tower
07:29 Guard Tower
08:51 Town Hall
09:03 Arcane Tower
09:04 Guard Tower
09:05 Arcane Tower
09:08 Scout Tower
09:10 Scout Tower
09:11 Scout Tower
09:53 Farm
10:14 Guard Tower
10:22 Arcane Tower
10:22 Arcane Tower
10:33 Scout Tower
10:35 Scout Tower
10:41 Guard Tower
10:46 Guard Tower
10:46 Guard Tower
11:07 Guard Tower
11:42 Guard Tower
12:03 Castle
12:08 Scout Tower
12:08 Scout Tower
12:09 Scout Tower
12:42 Scout Tower
12:43 Scout Tower
12:43 Scout Tower
13:17 Guard Tower
13:18 Guard Tower
13:18 Guard Tower
13:21 Gryphon Aviary
13:23 Arcane Vault
13:27 Guard Tower
13:29 Scout Tower
13:30 Scout Tower
13:31 Scout Tower
13:44 Guard Tower
13:45 Guard Tower
13:45 Guard Tower
14:10 Guard Tower
14:34 Guard Tower
14:37 Scout Tower
14:38 Scout Tower
14:40 Scout Tower
14:55 Farm
14:56 Farm
15:00 Blacksmith
15:03 Guard Tower
15:46 Barracks
15:50 Guard Tower
15:51 Guard Tower
15:51 Guard Tower
15:53 Guard Tower
15:53 Guard Tower
15:53 Guard Tower
17:29 Arcane Vault
17:32 Scout Tower
17:33 Scout Tower
17:33 Scout Tower
17:34 Scout Tower
17:35 Guard Tower
17:35 Guard Tower
17:36 Guard Tower
17:38 Scout Tower
17:39 Scout Tower
17:39 Scout Tower
17:40 Scout Tower
17:41 Scout Tower
17:42 Scout Tower
18:44 Guard Tower
18:45 Scout Tower
18:46 Scout Tower
18:46 Scout Tower
18:47 Scout Tower
18:48 Scout Tower
19:30 Guard Tower
20:15 Guard Tower
20:17 Scout Tower
20:18 Scout Tower
20:19 Scout Tower
20:20 Scout Tower
20:26 Scout Tower
20:27 Scout Tower
20:27 Scout Tower
22:38 Guard Tower
22:39 Scout Tower
22:42 Guard Tower
22:51 Farm
22:52 Farm
22:52 Farm
22:52 Farm
» items
| Staff of Teleportation | 4 | |
| Boots of Speed | 3 | |
| Pendant of Mana | 1 | |
| Ring of Regeneration | 1 | |
| Amulet of Spell Shield | 1 | |
| Warsong Battle Drums | 1 | |
| Staff of Sanctuary | 3 | |
| Orb of Lightning | 5 | |
| Khadgar's Pipe of Insight | 1 | |
| Scroll of Regeneration | 1 | |
21 total
team 2 (loser)
iN_mEmOrY_oF_gT (
blue | 64 APM | 1528 actions | 23:48)
3 Pit Lord
2 Rain of Fire
1 Howl of Terror
2 Crypt Lord
1 Impale
1 Spiked Carapace
2 Dreadlord
1 Sleep
1 Vampiric Aura
» actions
| Assign group hotkey | 205 | |
| Build / train | 46 | |
| Enter build submenu | 16 | |
| Enter hero's abilities submenu | 7 | |
| Give item / drop item | 1 | |
| Remove unit from queue | 4 | |
| Right click | 636 | |
| Select / deselect | 277 | |
| Select group hotkey | 284 | |
| Use ability | 51 | |
1528 total
» units
| Acolyte | 8 | |
| Ghoul | 3 | |
| Crypt Fiend | 3 | |
| Obsidian Statue | 1 | |
| Frost Wyrm | 9 | |
24 total
» upgrades
| Destroyer Form | 0 | |
| Creature Attack | 2 | |
| Freezing Breath | 1 | |
3 total
» buildings
| Altar of Darkness | 1 | |
| Ziggurat | 8 | |
| Crypt | 1 | |
| Graveyard | 1 | |
| Tomb of Relics | 1 | |
| Nerubian Tower | 1 | |
| Halls of the Dead | 1 | |
| Black Citadel | 1 | |
| Sacrificial Pit | 1 | |
| Slaughterhouse | 1 | |
| Boneyard | 2 | |
19 total
» build order
00:08 Altar of Darkness
00:12 Ziggurat
00:36 Crypt
00:58 Graveyard
01:22 Tomb of Relics
01:30 Ziggurat
02:43 Nerubian Tower
03:45 Halls of the Dead
04:28 Ziggurat
06:31 Black Citadel
06:48 Sacrificial Pit
07:01 Ziggurat
07:44 Slaughterhouse
08:59 Boneyard
10:44 Ziggurat
10:46 Ziggurat
11:07 Boneyard
14:09 Ziggurat
14:10 Ziggurat
» items
| Dust of Appearance | 1 | |
| Potion of Lesser Invulnerability | 1 | |
2 total
Oo(r)Gg (
red | 67 APM | 1601 actions | 23:47)
4 Death Knight
2 Death Coil
2 Unholy Aura
2 Lich
1 Frost Nova
1 Frost Armor
» actions
| Assign group hotkey | 30 | |
| Build / train | 57 | |
| Enter build submenu | 14 | |
| Enter hero's abilities submenu | 6 | |
| Give item / drop item | 1 | |
| Remove unit from queue | 4 | |
| Right click | 814 | |
| Select / deselect | 200 | |
| Select group hotkey | 434 | |
| Use ability | 41 | |
1601 total
» units
| Acolyte | 3 | |
| Ghoul | 3 | |
| Crypt Fiend | 12 | |
| Necromancer | 6 | |
24 total
» upgrades
| Web | 1 | |
| Creature Carapace | 3 | |
| Burrow | 1 | |
| Creature Attack | 3 | |
| Necromancer Training | 2 | |
| Skeletal Longevity | 1 | |
| Skeletal Mastery | 1 | |
12 total
» buildings
| Altar of Darkness | 1 | |
| Ziggurat | 7 | |
| Crypt | 1 | |
| Graveyard | 1 | |
| Tomb of Relics | 1 | |
| Halls of the Dead | 1 | |
| Nerubian Tower | 1 | |
| Black Citadel | 1 | |
| Spirit Tower | 2 | |
| Slaughterhouse | 1 | |
| Temple of the Damned | 2 | |
19 total
» build order
00:10 Altar of Darkness
00:12 Ziggurat
00:34 Crypt
00:51 Ziggurat
01:13 Graveyard
02:10 Ziggurat
03:01 Tomb of Relics
03:31 Halls of the Dead
05:19 Ziggurat
06:00 Nerubian Tower
08:05 Black Citadel
08:13 Ziggurat
10:03 Ziggurat
10:14 Spirit Tower
10:31 Spirit Tower
13:47 Slaughterhouse
13:51 Temple of the Damned
18:50 Temple of the Damned
21:54 Ziggurat
» items
| Rod of Necromancy | 1 | |
| Orb of Corruption | 1 | |
| Potion of Healing | 1 | |
| Potion of Mana | 1 | |
4 total

»
RaNDoOM_1500_gT (
orange | 66 APM | 1575 actions | 23:44)
4 Death Knight
2 Death Coil
2 Death Pact
3 Lich
2 Frost Nova
1 Frost Armor
» actions
| Assign group hotkey | 40 | |
| Build / train | 67 | |
| Enter build submenu | 19 | |
| Enter hero's abilities submenu | 7 | |
| Give item / drop item | 2 | |
| Right click | 774 | |
| Select / deselect | 316 | |
| Select group hotkey | 257 | |
| Use ability | 93 | |
1575 total
» units
| Acolyte | 11 | |
| Ghoul | 3 | |
| Crypt Fiend | 7 | |
| Obsidian Statue | 2 | |
| Abomination | 1 | |
| Meatwagon | 6 | |
| Necromancer | 3 | |
33 total
» upgrades
| Creature Attack | 1 | |
| Burrow | 1 | |
| Web | 2 | |
| Creature Carapace | 1 | |
| Unholy Strength | 1 | |
| Unholy Armor | 1 | |
| Exhume Corpses | 1 | |
8 total
» buildings
| Altar of Darkness | 1 | |
| Ziggurat | 8 | |
| Crypt | 1 | |
| Graveyard | 1 | |
| Tomb of Relics | 1 | |
| Nerubian Tower | 2 | |
| Halls of the Dead | 2 | |
| Black Citadel | 1 | |
| Slaughterhouse | 2 | |
| Necropolis | 1 | |
| Spirit Tower | 3 | |
| Temple of the Damned | 3 | |
26 total
» build order
00:06 Altar of Darkness
00:10 Ziggurat
00:38 Crypt
00:58 Graveyard
01:10 Tomb of Relics
01:27 Ziggurat
02:23 Nerubian Tower
03:16 Halls of the Dead
03:17 Halls of the Dead
04:18 Ziggurat
06:32 Black Citadel
07:32 Slaughterhouse
08:56 Ziggurat
08:57 Ziggurat
09:36 Necropolis
10:30 Spirit Tower
10:32 Spirit Tower
10:53 Slaughterhouse
12:07 Ziggurat
12:28 Ziggurat
13:48 Ziggurat
14:08 Nerubian Tower
14:09 Spirit Tower
21:07 Temple of the Damned
21:09 Temple of the Damned
21:11 Temple of the Damned
» items
| Rod of Necromancy | 1 | |
| Dust of Appearance | 2 | |
| Potion of Greater Healing | 1 | |
| Scroll of Healing | 1 | |
5 total
Chat log
(03:33 / All) PIZZAFAN1739: hehe
(03:37 / All) iN_mEmOrY_oF_gT: hehe
(03:41 / All) RaNDoOM_1500_gT: hehe
(23:25 / All) PIZZAFAN1739: leave
(23:25 / All) PIZZAFAN1739: quit
(23:26 / All) PIZZAFAN1739: filth
(23:32 / All) iN_mEmOrY_oF_gT: gj funny shit